 Dungeon Crawl Stone Soup version 0.23.0-3-gf3c87f2 (webtiles) character file.

Game seed: 497247608364005462

99 Kairos the Chopper (level 5, 0/39 HPs)
             Began as a Formicid Warper on Feb 22, 2019.
             Succumbed to an adder's poison
             ... on level 3 of the Dungeon.
             The game lasted 00:02:47 (1633 turns).

Kairos the Chopper (Formicid Warper)                Turns: 1633, Time: 00:02:48

Health: 0/39       AC:  5    Str: 19    XL:     5   Next: 2%
Magic:  9/9        EV: 10    Int: 14    God:
Gold:   156        SH:  3    Dex: 10    Spells: 9/9 levels left

rFire    . . .     SeeInvis +   a - +0 hand axe
rCold    + . .     Gourm    .   l - +0 buckler
rNeg     . . .     Faith    .   c - +0 ring mail
rPois    .         Spirit   .   (helmet unavailable)
rElec    .         Reflect  .   (no cloak)
rCorr    .         Harm     .   (no gloves)
MR       .....                  (no boots)
Stlth    ..........             n - amulet of the acrobat
HPRegen  0.13/turn              h - ring of protection from cold
MPRegen  0.11/turn              (no ring)

@: lethally poisoned (0 -> -4)
A: permanent stasis, dig shafts and tunnels, four strong arms, antennae 3,
clever 1, strong 1
a: Dig, Shaft Self


You were on level 3 of the Dungeon.
You were hungry.

You visited 1 branch of the dungeon, and saw 3 of its levels.

You collected 156 gold pieces.

Inventory:

Hand Weapons
 a - a +0 hand axe (weapon)
Missiles
 e - 5 tomahawks of dispersal (quivered)
Armour
 c - a +0 ring mail (worn)
 l - a +0 buckler (worn)
Jewellery
 b - an uncursed amulet of magic regeneration
 h - a ring of protection from cold (left hand)
 n - an amulet of the acrobat (around neck)
Scrolls
 d - 2 scrolls of remove curse
 i - 2 scrolls of amnesia {unknown}
 k - a scroll of magic mapping {unknown}
 p - 3 scrolls of teleportation {unknown}
 r - a scroll of fear {unknown}
Potions
 g - a potion of mutation
 j - a potion of agility {unknown}
 m - a potion of cancellation {unknown}
 o - 2 potions of might {unknown}
 q - 2 potions of curing {unknown}
Comestibles
 f - 4 rations


   Skills:
 + Level 2.7 Fighting
 + Level 3.3 Axes
 + Level 1.0 Throwing
 + Level 1.6 Armour
 + Level 2.4 Dodging
 + Level 2.7 Spellcasting
   Level 2.6 Translocations


You had 9 spell levels left.
You didn't know any spells.
Your spell library contained the following spells:

 Spells                   Type           Power        Failure   Level  Hunger
 Shroud of Golubria       Chrm/Tloc      #.........   50%         2    ###....
 Gell's Gravitas          Tloc           #.........   54%         3    ###....
 Lesser Beckoning         Tloc           #.........   54%         3    ###....
 Teleport Other           Tloc           #.......     54%         3    ###....
 Passage of Golubria      Tloc           N/A          91%         4    #####..
 Blink                    Tloc           Unusable     N/A         2    N/A

Dungeon Overview and Level Annotations

Branches:
Dungeon (3/15)

Altars:
Fedhas


Innate Abilities, Weirdness & Mutations

You cannot be hasted, slowed, berserked, paralysed or teleported.
You can dig through walls and to a lower floor.
Your four strong arms can wield two-handed weapons with a shield.
You have a pair of large antennae on your head. (SInv)
Your mind is acute. (Int +2)
Your muscles are strong. (Str +2)


Message History

The ice beast freezes you. You resist. The ice beast hits you.
The ice beast freezes you. You resist.
* * * LOW HITPOINT WARNING * * *
You are too injured to fight recklessly!
You are too injured to fight recklessly!
You barely miss the ice beast.
You feel sick. The ice beast misses you.
You barely miss the ice beast. The ice beast hits you.
* * * LOW HITPOINT WARNING * * *
The ice beast freezes you. You resist.
* * * LOW HITPOINT WARNING * * *
You completely miss the ice beast.
* * * LOW HITPOINT WARNING * * *
You feel sick.
The ice beast hits you but does no damage.
You hit the ice beast.
The ice beast is lightly wounded.
The ice beast hits you but does no damage.
It was a potion of mutation.
You feel extremely strange.
You feel clever.
You feel stronger.
You die...

. . #.
#.######
#......#
#...%..######
#......Y@...#
#......####.#
#.......#
#.......##
##...#### {
##.# #. { # {


You could see an ice beast.

Vanquished Creatures
  Jessica (D:2)
  2 adders
  2 worms (D:2)
  A dart slug (D:1)
  5 bats (D:1)
  A giant cockroach (D:1)
  3 goblins
  9 hobgoblins
  9 jackals
  5 kobolds
  2 frilled lizards (D:2)
  3 rats
43 creatures vanquished.

Notes
Turn   | Place    | Note
-------+----------+-------------------------------------------
     0 | D:1      | Kairos the Formicid Warper began the quest for the Orb.
     0 | D:1      | Reached XP level 1. HP: 16/16 MP: 3/3
    45 | D:1      | Reached XP level 2. HP: 22/22 MP: 5/5
   249 | D:1      | Reached XP level 3. HP: 22/28 MP: 6/6
   872 | D:2      | Noticed Jessica
   875 | D:2      | Found a blossoming altar of Fedhas.
   886 | D:2      | Killed Jessica
   886 | D:2      | Reached skill level 3 in Axes
   886 | D:2      | Reached XP level 4. HP: 21/34 MP: 8/8
  1612 | D:3      | Noticed an ice beast
  1627 | D:3      | Reached XP level 5. HP: 21/39 MP: 9/9
  1630 | D:3      | HP: 1/39 [ice beast (6)]
  1633 | D:3      | Gained mutation: Your mind is acute. (Int +2) [potion of
                  | mutation]
  1633 | D:3      | Gained mutation: Your muscles are strong. (Str +2) [potion
                  | of mutation]
  1633 | D:3      | Succumbed to an adder's poison

Skill      XL: |  1  2  3 |
---------------+----------+-----
Dodging        | 2 |  2.4
Axes           | 3 |  3.3
Fighting       | |  2.7
Throwing       | |  1.0
Armour         | |  1.6
Spellcasting   | |  2.7
Translocations | |  2.6

Action                   |  1- 3 |  4- 6 || total
-------------------------+-------+-------++-------
Melee: Hand axe          |   111 |    64 ||   175
  Use: Scroll            |     1 |       ||     1
       Potion            |       |     1 ||     1
  Eat: Chunk             |       |     2 ||     2
Armor: Leather armour    |     7 |       ||     7
       Ring mail         |    50 |    32 ||    82
Dodge: Dodged            |    95 |    30 ||   125
Block: Buckler           |     2 |     4 ||     6
